 Dungeon Crawl Stone Soup version 0.17-a0-1718-g72dbe4d (webtiles) character file.

220 urechis the Cudgeler (level 5, -2/43 HPs)
             Began as a Demonspawn Berserker on Aug 24, 2015.
             Was a Priest of Trog.
             Slain by a gnoll
             ... wielding a cursed -1 halberd
              (14 damage)
             ... on level 4 of the Dungeon.
             The game lasted 00:06:13 (4130 turns).

urechis the Cudgeler (Demonspawn Berserker)         Turns: 4130, Time: 00:06:13

Health: -2/43      AC:  8    Str: 17    XL:     5   Next: 64%
Magic:  5/5        EV: 11    Int:  9    God:    Trog [***...]
Gold:   329        SH:  0    Dex: 13    Spells: 0 memorised, 4 levels left

rFire  . . .     SeeInvis .     a - +0 mace
rCold  + . .     Clarity  .     s - +0 ring mail
rNeg   . . .     SustAt   .     (no shield)
rPois  +         Gourm    .     q - +0 helmet
rElec  .         Spirit   .     (no cloak)
rCorr  .         Warding  .     (no gloves)
rMut   .         Stasis   .     (no boots)
MR     .....                    (no amulet)
Stlth  +.........               m - ring of poison resistance (curse)
                                i - +2 ring of protection

@: exhausted, slowed, very slow, not resistant to hostile enchantments, very
unstealthy
A: cold resistance 1, rot immunity
a: Burn Spellbooks, Berserk, Trog's Hand, Renounce Religion


You were on level 4 of the Dungeon.
You worshipped Trog.
Trog was most pleased with you.
You were near starving.

You visited 1 branch of the dungeon, and saw 4 of its levels.

You collected 329 gold pieces.

Inventory:

Hand weapons
 a - a +0 mace (weapon)
Armour
 q - a +0 helmet (worn)
 s - a +0 ring mail (worn)
Jewellery
 i - a +2 ring of protection (left hand)
 m - a cursed ring of poison resistance (right hand)
Scrolls
 f - 2 scrolls of teleportation {unknown}
 g - 4 scrolls of identify {unknown}
 h - a scroll of enchant armour {unknown}
 j - a scroll of amnesia {unknown}
 p - a scroll of noise {unknown}
Potions
 d - a potion of heal wounds {unknown}
 e - 5 potions of curing
 k - 3 potions of agility {unknown}
 l - 2 potions of cancellation {unknown}
 n - 2 potions of ambrosia {unknown}
Books
 r - a book of Fire

   Spells                             Type                      Level
   a - Ignite Poison                  Fire/Transmutation/Poison    3
   b - Fireball                       Conjuration/Fire             5
   c - Bolt of Fire                   Conjuration/Fire             6
   d - Delayed Fireball               Conjuration/Fire             7
   e - Ring of Flames                 Charms/Fire                  7
   Trog disapproves of the use of such an item.
Comestibles
 b - 2 slices of pizza
 c - 3 bread rations


   Skills:
 + Level 4.5 Fighting
 * Level 4.9 Maces & Flails
 - Level 1.7 Armour
 - Level 1.7 Dodging


You had 4 spell levels left.
You didn't know any spells.

Dungeon Overview and Level Annotations

Branches:
Dungeon (4/15)
 Temple: D:4-7

Altars:
Makhleb
Ru


Innate Abilities, Weirdness & Mutations

Your flesh is cold resistant.
You are immune to rotting.


Message History

You hit the gnoll shaman.
The gnoll shaman is severely wounded.
The gnoll completely misses you. The gnoll closely misses you.
You hit the gnoll shaman but do no damage.
The gnoll shaman is severely wounded.
The gnoll shaman hits you but does no damage.
The gnoll hits you but does no damage.
You hit the gnoll shaman.
The gnoll shaman is almost dead.
You are no longer berserk.
You are exhausted.
You feel yourself slow down.
You are near starving!
The gnoll barely misses you. The gnoll shaman misses you.
The gnoll hits you from afar with a spear.
* * * LOW HITPOINT WARNING * * *
You closely miss the gnoll shaman.
The gnoll shaman is almost dead.
The gnoll hits you from afar with a halberd!
You die...

#g### #### #$..#
...# #g# #..#
###g#.# #..##.(...#
#...#.#..##
#.....##....
+...g######## .#
#..#gg@..######...#
#.######.##.......#
#. #####....###...#
.
#........#########
.
..######...##..<.#
.. ###.......#
#######.....#
#.....##....#
............#


You could see a gnoll shaman and 2 gnolls.

Vanquished Creatures
  A scorpion (D:4)
  Jessica (D:2)
  Terence (D:2)
  3 adders
  An ooze (D:3)
  A worm (D:3)
  2 giant geckos
  6 bats
  A giant cockroach (D:1)
  6 hobgoblins
  6 jackals
  10 kobolds
  2 quokkas
  A ball python (D:3)
  4 giant newts
  9 goblins
  43 rats
  A bush (D:1)
  A fungus (D:1)
  2 plants (D:1)
102 creatures vanquished.

Notes
Turn   | Place    | Note
--------------------------------------------------------------
     0 | D:1      | urechis the Demonspawn Berserker began the quest for the Orb.
     0 | D:1      | Reached XP level 1. HP: 18/18 MP: 1/1
   396 | D:1      | Gained mutation: You are immune to rotting. [demonic ancestry]
   396 | D:1      | Reached XP level 2. HP: 9/24 MP: 2/2
  1000 | D:1      | Acquired Trog's second power
  1420 | D:2      | Noticed Terence
  1626 | D:2      | Killed Terence
  1626 | D:2      | Reached XP level 3. HP: 19/29 MP: 3/3
  2276 | D:2      | Gained mutation: Your flesh is cold resistant. [demonic ancestry]
  2276 | D:2      | Reached XP level 4. HP: 34/37 MP: 4/4
  2350 | D:2      | Noticed Jessica
  2378 | D:2      | Killed Jessica
  2378 | D:2      | Reached skill level 4 in Maces & Flails
  2442 | D:2      | Found a sacrificial altar of Ru.
  3088 | D:3      | HP: 2/55 [quokka (2)]
  3520 | D:3      | Found a burning altar of Makhleb.
  3524 | D:3      | Reached XP level 5. HP: 30/42 MP: 5/5
  4130 | D:4      | Slain by a gnoll

Vault maps used:
D:1:      lightli_arrival_quake, serial_forest, infiniplex_forest_lined_3,
          infiniplex_forest_clump_medium, infiniplex_forest_end_1,
          infiniplex_forest_lined_4_way, infiniplex_forest_zigzag_1,
          infiniplex_forest_end_3, infiniplex_forest_end_3,
          infiniplex_forest_straight_2, infiniplex_forest_clump_tiny,
          minmay_gold_behind_fungi
D:2:      nicolae_ru_awakened_eye, first_bread, minmay_misc_feat_ornament,
          uniq_jessica, uniq_terence
D:3:      overflow_temple_1_default, nrook_loot_triangle,
          minmay_rats_cheesy_pizza
D:4:      serial_shops, kennysheep_mini, minmay_box_of_dots

Action                   |  1- 3 |  4- 6 || total
-------------------------+-------+-------++-------
Melee: Mace              |   318 |   212 ||   530
Invok: Berserk           |     2 |     3 ||     5
 Stab: Sleeping          |       |     1 ||     1
  Eat: Chunk             |     2 |     6 ||     8
       Meat ration       |     1 |       ||     1
       Pizza             |       |     1 ||     1
